Map: [ESL] Goldenaura

Players

Dark - Winner!

  • Race: Zerg Zerg
  • Spawn Location: 5:00

Classic

  • Race: Protoss Protoss
  • Spawn Location: 12:00

Event: ESL SC2 Masters 2023 Winter (Finals)

VOD

Have the link to the VOD?

Description

Time

  • Played on: Dec. 16, 2023, 2:42 p.m.
  • Length: 22:53

All games in this series

Show
View Real Time Build Order
Export as new Build Order

Dark Zerg - Winner!

Build Orders: Hatch First, Lurkers 

Get SALT Encoding   

  12  0:00  Drone  
  13  0:12  Overlord  
  13  0:16  Drone  
  14  0:31  Drone x2  
  16  0:48  Hatchery  
  15  0:52  Drone  
  15  0:56  Drone  
  17  0:59  Drone  
  18  1:11  Extractor  
  18  1:15  Spawning Pool  
  18  1:17  Drone  
  17  1:21  Drone  
  18  1:29  Drone  
  19  1:42  Drone  
  20  1:49  Drone  
  21  2:00  Drone  
  21  2:01  Queen, Overlord  
  22  2:03  Queen  
  26  2:11  Metabolic Boost  
  26  2:13  Drone  
  27  2:17  Drone  
  27  2:22  Drone x2  
  30  2:33  Drone x2  
  32  2:42  Hatchery  
  31  2:47  Queen  
  31  2:50  Overlord  
  33  2:53  Drone  
  33  2:55  Drone  
  33  2:57  Drone  
  36  3:08  Queen  
  36  3:10  Drone x3  
  36  3:12  Overlord  
  41  3:16  Zergling x4  
  41  3:17  Drone  
  44  3:29  Queen  
  44  3:32  Overlord  
  44  3:33  Drone  
  44  3:34  Drone x2  
  49  3:39  Zergling x2  
  50  3:50  Queen  
  50  3:53  Queen  
  50  3:54  Zergling x4  
  50  3:55  Drone x2  
  58  3:56  Spore Crawler  
  58  3:57  Drone  
  58  3:59  Drone, Spore Crawler  
  58  4:06  Overlord  
  58  4:08  Overlord  
  58  4:12  Overlord  
  58  4:22  Extractor, Drone  
  58  4:24  Drone x8  
  58  4:26  Extractor  
  58  4:28  Lair  
  65  4:33  Drone x3  
  65  4:34  Drone  
  65  4:37  Drone  
  70  4:39  Drone  
  70  4:43  Drone  
  72  4:46  Roach Warren  
  72  4:47  Drone x3  
  72  4:49  Drone x2  
  75  4:55  Drone  
  72  5:00  Drone x4  
  72  5:01  Drone  
  72  5:05  Drone x2  
  76  5:08  Drone x2  
  76  5:11  Drone  
  76  5:13  Drone  
  78  5:15  Drone x3  
  78  5:19  Extractor  
  80  5:21  Zergling x2  
  80  5:26  Overlord  
  77  5:29  Drone x3  
  77  5:32  Drone  
  77  5:34  Drone  
  78  5:38  Drone, Hatchery  
  78  5:40  Infestation Pit  
  77  5:43  Drone  
  77  5:44  Drone x3, Extractor  
  77  5:45  Extractor  
  77  5:47  Evolution Chamber  
  78  5:52  Roach x3  
  78  5:53  Roach  
  78  5:55  Drone  
  87  6:02  Drone  
  87  6:03  Drone x2, Overlord  
  87  6:04  Overlord  
  90  6:06  Glial Reconstitution  
  90  6:15  Drone x2  
  90  6:16  Drone  
  89  6:22  Overlord  
  89  6:23  Infestor x2  
  94  6:25  Drone x2  
  94  6:26  Zergling x2  
  94  6:27  Zergling x6  
  94  6:30  Ravager x4  
  94  6:31  Zergling x4  
  104  6:36  Zergling x2  
  104  6:38  Overlord x2  
  105  6:41  Roach x2  
  105  6:44  Roach  
  111  6:47  Roach  
  111  6:51  Roach x2  
  117  6:55  Zergling x2  
  117  6:57  Zergling x8  
  122  7:01  Roach x2  
  122  7:04  Zergling x6  
  122  7:06  Roach  
  125  7:10  Roach  
  125  7:11  Roach  
  125  7:14  Roach  
  120  7:22  Zergling x2  
  120  7:23  Zergling x20  
  120  7:27  Roach  
  127  7:33  Drone x2  
  127  7:37  Hive  
  127  7:39  Hydralisk Den  
  125  7:45  Drone x3  
  125  7:46  Drone  
  129  7:55  Overlord, Hatchery  
  129  7:56  Overlord  
  129  7:57  Overlord  
  128  7:59  Overlord  
  128  8:07  Roach  
  128  8:08  Overlord x2  
  128  8:09  Overlord  
  128  8:12  Lurker Den  
  129  8:15  Hatchery  
  129  8:17  Hydralisk x4  
  136  8:21  Zergling x6  
  136  8:26  Ravager x3  
  142  8:27  Zergling x10  
  142  8:31  Zergling x6  
  150  8:39  Hydralisk x3  
  156  8:44  Drone x4  
  156  8:45  Drone  
  160  8:53  Viper  
  160  8:55  Viper  
  166  8:56  Hatchery  
  165  9:07  Drone  
  165  9:08  Extractor  
  165  9:10  Extractor  
  165  9:11  Lurker x4  
  165  9:12  Seismic Spines  
  165  9:15  Drone x8  
  176  9:23  Overlord  
  176  9:30  Overlord  
  176  9:32  Spore Crawler  
  176  9:34  Zerg Missile Weapons Level 1  
  175  9:40  Lurker x2  
  175  9:41  Drone x3  
  175  9:42  Evolution Chamber  
  180  9:49  Lurker  
  180  9:50  Hydralisk x3  
  184  9:55  Spore Crawler  
  184  9:59  Hydralisk  
  183  10:04  Spore Crawler  
  183  10:05  Spore Crawler x2  
  183  10:06  Spore Crawler x2  
  180  10:08  Drone x3  
  180  10:09  Adaptive Talons  
  180  10:12  Spore Crawler  
  180  10:14  Hydralisk x3  
  182  10:17  Zerg Ground Armor Level 1  
  182  10:19  Drone x2  
  190  10:22  Drone x3  
  190  10:23  Spore Crawler  
  190  10:25  Spore Crawler  
  190  10:27  Spore Crawler, Grooved Spines  
  190  10:28  Drone x2  
  192  10:36  Adrenal Glands  
  192  10:38  Hatchery  
  192  10:40  Evolution Chamber  
  189  10:48  Lurker x2  
  189  10:52  Lurker  
  189  10:56  Hydralisk x4  
  188  11:00  Hydralisk x2  
  188  11:01  Hydralisk x3  
  190  11:10  Viper  
  184  11:12  Drone x14  
  184  11:17  Muscular Augments  
  198  11:31  Extractor, Zerg Missile Weapons Level 2  
  198  11:32  Lurker x2, Spore Crawler  
  198  11:33  Extractor  
  198  11:34  Spore Crawler  
  198  11:36  Spore Crawler  
  198  11:37  Lurker x2, Spore Crawler, Spine Crawler x3  
  193  11:40  Spore Crawler  
  193  11:44  Zerg Melee Weapons Level 1  
  192  11:49  Drone  
  193  11:55  Spore Crawler  
  193  11:58  Hatchery  
  193  12:00  Viper  
  193  12:04  Drone x4  
  195  12:09  Spire  
  195  12:12  Swarm Host  
  195  12:14  Spore Crawler  
  195  12:27  Zerg Ground Armor Level 2  
  195  12:29  Spore Crawler  
  194  12:31  Spire  
  194  12:32  Overlord  
  194  12:33  Pneumatized Carapace  
  193  12:38  Nydus Network  
  193  12:40  Lurker, Spine Crawler  
  193  12:42  Spine Crawler  
  193  12:43  Spine Crawler  
  190  12:45  Spine Crawler x2  
  190  12:48  Lurker  
  190  12:50  Drone x3  
  190  12:51  Drone x4  
  194  13:01  Drone x5  
  197  13:06  Spore Crawler  
  197  13:09  Spine Crawler  
  195  13:26  Baneling Nest  
  191  13:29  Lurker x4  
  191  13:31  Zergling x8  
  199  13:39  Hatchery  
  199  13:40  Zerg Melee Weapons Level 2, Spore Crawler x2  
  196  13:53  Drone x3  
  199  14:00  Zerg Flyer Weapons Level 1, Zerg Flyer Armor Level 1  
  199  14:01  Zerg Missile Weapons Level 3  
  197  14:09  Overseer  
  197  14:12  Nydus Canal  
  195  14:22  Zergling x10  
  194  14:39  Corruptor x3  
  200  14:52  Zergling x10  
  200  14:54  Zerg Ground Armor Level 3  
  200  14:57  Nydus Canal  
  191  15:13  Nydus Canal  
  188  15:17  Hydralisk x5  
  194  15:22  Hatchery  
  186  15:37  Nydus Canal  
  186  15:40  Zergling x22  
  186  15:41  Zergling x6, Centrifugal Hooks  
  200  15:44  Ultralisk Cavern  
  194  15:57  Extractor  
  194  16:00  Spore Crawler  
  194  16:01  Corruptor x15  
  184  16:14  Zergling x34  
  199  16:19  Spine Crawler  
  199  16:24  Spine Crawler x2  
  199  16:25  Spine Crawler  
  195  16:28  Zerg Melee Weapons Level 3  
  179  16:41  Chitinous Plating  
  179  16:45  Nydus Canal  
  167  16:48  Ultralisk x5  
  191  16:58  Drone x9  
  200  17:04  Nydus Canal  
  200  17:39  Overseer  
  200  17:42  Nydus Canal  
  200  17:44  Extractor  
  199  17:45  Baneling  
  199  17:46  Baneling x12  
  199  17:52  Drone  
  199  17:53  Zerg Flyer Weapons Level 2, Zerg Flyer Armor Level 2  
  200  17:58  Hatchery  
  200  17:59  Anabolic Synthesis  
  194  18:07  Hatchery  
  190  18:14  Corruptor x6  
  198  18:21  Nydus Canal  
  193  18:44  Corruptor x3  
  199  19:01  Zergling x12  
  187  19:21  Hydralisk x5  
  187  19:22  Hydralisk x2  
  195  19:27  Hatchery  
  195  19:30  Zergling x10  
  199  19:37  Spore Crawler  
  199  19:38  Corruptor x7  
  184  19:39  Spore Crawler  
  197  19:51  Lurker x2  
  193  19:53  Lurker  
  193  19:54  Lurker x5  
  176  20:08  Corruptor x7  
  163  20:31  Overlord x2  
  163  20:32  Overlord  
  151  20:40  Overlord  
  151  20:42  Overlord x3  
  145  20:55  Overseer  
  133  20:57  Hydralisk x7  
  133  20:58  Hydralisk  
  128  21:16  Hydralisk x3  
  104  21:24  Lurker x6  
  102  21:28  Hydralisk x2  
  102  21:32  Zergling x6  
  103  21:34  Zergling x2  
  103  21:39  Zergling x14  
  101  21:46  Zergling x2  
  102  21:51  Drone  
  103  22:01  Zergling x12  
  101  22:07  Zergling x2  
  101  22:08  Zergling x4  
  102  22:21  Zergling x8  
  100  22:28  Overseer  
  100  22:29  Zergling x2  
  97  22:30  Zergling x6  
  96  22:43  Lurker  
  96  22:44  Lurker  
Show
View Real Time Build Order
Export as new Build Order

Classic Protoss 

Build Orders: 1 Gate Expand, Oracle Opening, Phoenix Opening, Carriers 

Get SALT Encoding   

  12  0:00  Probe  
  13  0:12  Probe  
  14  0:17  Pylon  
  14  0:24  Probe (Chrono Boost)  
  15  0:36  Probe (Chrono Boost)  
  15  0:38  Gateway  
  16  0:45  Probe (Chrono Boost)  
  16  0:46  Assimilator  
  17  0:50  Probe  
  18  1:03  Probe  
  19  1:15  Probe  
  20  1:25  Nexus  
  20  1:27  Probe  
  21  1:39  Cybernetics Core  
  21  1:41  Probe  
  21  1:46  Assimilator  
  21  1:53  Pylon  
  21  1:56  Probe  
  22  2:08  Probe  
  23  2:12  Adept (Chrono Boost)  
  25  2:16  Stargate  
  25  2:20  Probe  
  26  2:24  Warp Gate  
  26  2:32  Probe (Chrono Boost)  
  26  2:35  Adept  
  30  2:37  Probe (Chrono Boost)  
  30  2:44  Probe (Chrono Boost)  
  30  2:49  Probe (Chrono Boost)  
  32  2:53  Probe (Chrono Boost)  
  32  2:55  Probe (Chrono Boost)  
  34  2:58  Probe  
  34  3:01  Phoenix  
  34  3:03  Probe  
  38  3:08  Gateway  
  38  3:10  Probe  
  39  3:15  Probe  
  39  3:17  Pylon  
  40  3:23  Probe  
  40  3:25  Oracle (Chrono Boost)  
  41  3:27  Probe  
  45  3:35  Probe  
  45  3:39  Probe  
  49  3:42  Pylon  
  49  3:47  Probe  
  50  3:51  Probe  
  50  3:52  Oracle (Chrono Boost)  
  52  3:58  Nexus  
  52  4:07  Probe x2  
  52  4:08  Assimilator  
  54  4:10  Assimilator  
  54  4:14  Adept x2  
  58  4:21  Probe x2  
  58  4:22  Pylon  
  60  4:30  Twilight Council  
  60  4:31  Forge  
  60  4:34  Probe x2  
  62  4:40  Gateway  
  62  4:41  Gateway  
  62  4:46  Probe x2  
  64  5:00  Probe x2 (Chrono Boost)  
  64  5:03  Blink  
  64  5:06  Robotics Facility  
  66  5:10  Sentry x2, Probe (Chrono Boost)  
  66  5:11  Protoss Ground Weapons Level 1 (Chrono Boost)  
  66  5:12  Probe (Chrono Boost)  
  69  5:15  Probe (Chrono Boost)  
  69  5:20  Gateway, Probe (Chrono Boost)  
  69  5:21  Probe (Chrono Boost)  
  71  5:22  Gateway  
  71  5:25  Probe x2 (Chrono Boost)  
  73  5:34  Probe  
  74  5:37  Probe x2  
  74  5:40  Sentry x2  
  80  5:43  Gateway  
  80  5:45  Gateway  
  80  5:46  Pylon  
  80  5:50  Warp Prism (Chrono Boost)  
  82  5:57  Stalker  
  82  6:00  Pylon  
  82  6:01  Probe  
  82  6:02  Assimilator  
  85  6:04  Probe x2  
  85  6:06  Pylon  
  85  6:09  Pylon  
  87  6:15  Stalker x3  
  93  6:19  Pylon  
  93  6:20  Stalker x2  
  93  6:25  Stalker  
  99  6:30  Pylon  
  99  6:35  Observer  
  100  6:40  Stalker x5  
  100  6:45  Stalker x2  
  114  6:49  Assimilator  
  114  6:50  Stalker  
  114  6:52  Pylon  
  116  7:07  Stalker x4  
  124  7:11  Stalker x2  
  124  7:14  Warp Prism  
  120  7:19  Stalker x4  
  118  7:32  Robotics Bay  
  118  7:45  Robotics Facility, Probe x3  
  118  7:47  Shield Battery  
  121  7:53  Nexus  
  121  7:55  Pylon  
  121  7:57  Probe x3  
  124  8:00  Stalker x6  
  136  8:08  Protoss Ground Weapons Level 2 (Chrono Boost)  
  136  8:13  Probe x3  
  139  8:21  Pylon  
  139  8:24  Pylon  
  139  8:25  Disruptor (Chrono Boost)  
  139  8:31  Disruptor (Chrono Boost)  
  147  8:37  Zealot  
  147  8:38  Charge  
  147  8:39  Assimilator  
  149  8:43  Pylon  
  149  8:44  Pylon  
  149  8:45  Assimilator  
  149  8:49  Pylon  
  161  9:17  Photon Cannon  
  161  9:19  Photon Cannon  
  161  9:21  Photon Cannon  
  161  9:23  Shield Battery  
  161  9:26  Gateway, Templar Archives  
  161  9:28  Gateway  
  161  9:31  Zealot x2  
  161  9:32  Zealot x5  
  175  9:41  Disruptor x2 (Chrono Boost)  
  171  9:56  Photon Cannon  
  171  9:57  Photon Cannon  
  171  10:01  Stargate  
  171  10:02  Zealot x7  
  171  10:07  Disruptor x2 (Chrono Boost), Fleet Beacon  
  185  10:11  Protoss Air Weapons Level 1  
  193  10:19  Photon Cannon x2  
  193  10:30  Nexus  
  193  10:32  Zealot, Pylon  
  194  10:43  Zealot x3  
  169  11:12  Carrier (Chrono Boost), Disruptor x2  
  169  11:13  Carrier (Chrono Boost), Zealot x8  
  195  11:25  Stargate  
  195  11:36  Nexus  
  195  11:37  Pylon, Protoss Ground Weapons Level 3 (Chrono Boost)  
  195  11:54  Disruptor  
  197  12:12  Photon Cannon  
  197  12:13  Photon Cannon  
  197  12:15  Photon Cannon  
  197  12:17  Photon Cannon  
  197  12:18  Photon Cannon  
  197  12:19  Shield Battery  
  199  12:34  Mothership (Chrono Boost), Observer  
  199  12:35  Gravitic Boosters  
  200  12:42  Assimilator  
  200  12:46  Assimilator  
  200  12:50  Pylon  
  200  13:17  Nexus  
  200  13:20  Pylon  
  200  13:23  Nexus  
  200  13:24  Pylon  
  196  13:35  Stargate  
  196  13:37  Stargate  
  190  13:54  Disruptor x2 (Chrono Boost)  
  186  13:56  Photon Cannon  
  186  13:58  Photon Cannon  
  186  14:00  Photon Cannon  
  186  14:02  Photon Cannon  
  192  14:03  Cybernetics Core  
  192  14:04  Shield Battery  
  192  14:14  Photon Cannon  
  192  14:16  Photon Cannon  
  166  14:17  Protoss Shields Level 1  
  166  14:18  Protoss Air Weapons Level 2  
  166  14:23  Zealot x8  
  179  14:25  Carrier x3  
  188  14:49  Carrier  
  175  15:11  Disruptor x2 (Chrono Boost)  
  179  15:17  Zealot x8  
  199  15:25  Probe x4  
  159  16:04  Carrier x2  
  159  16:05  Carrier  
  137  16:18  Probe  
  137  16:19  Probe x3  
  137  16:20  High Templar  
  137  16:21  High Templar x7  
  137  16:25  Archon x4  
  151  16:33  Carrier  
  151  16:45  Carrier, Psionic Storm  
  156  16:57  Observer x2  
  158  17:01  High Templar x2  
  158  17:02  High Templar x2  
  158  17:06  High Templar x2  
  170  17:10  High Templar x2  
  170  17:15  Archon, Pylon  
  168  17:43  High Templar x4  
  168  17:44  High Templar x4  
  178  17:48  Nexus, Archon  
  178  17:49  Archon x3  
  184  18:02  Immortal (Chrono Boost)  
  184  18:05  Immortal (Chrono Boost)  
  181  18:18  High Templar  
  181  18:19  High Templar x3  
  183  18:23  Archon  
  183  18:28  High Templar x3  
  183  18:29  Archon  
  175  18:44  Immortal (Chrono Boost)  
  152  19:11  Immortal (Chrono Boost)  
  155  19:18  Archon  
  145  19:32  High Templar x2, Zealot x2  
  145  19:37  Archon  
  132  20:24  Zealot  
  132  20:25  Sentry x2  
  110  20:36  Observer, Zealot  
  111  20:47  Zealot  
  97  20:57  Observer x2  
Tags
 
Add a new tag
Caveats
  • Supply blocks, unpowered buildings, or Contaminate may cause inaccurate times.
  • Supply counts are checked every 10 seconds.